 Dungeon Crawl Stone Soup version 0.29.1-15-g9cfb28693d (webtiles) character file.

Game seed: 2139697650819732582

1026 Malstabilo the Covered (level 8, 0/66 (68) HPs)
             Began as a Minotaur Fighter on Mar 24, 2023.
             Was an Initiate of Gozag.
             Slain by a wight
             ... wielding a +4 great sword of freezing
              (3 damage)
             ... on level 6 of the Dungeon.
             The game lasted 00:23:48 (6754 turns).

Malstabilo the Covered (Minotaur Fighter)           Turns: 6754, Time: 00:23:51

HP:   0/66 (68)     AC:  7    Str: 20    XL:     8   Next: 2%
MP:   7/7           EV: 10    Int:  5    God:    Gozag
Gold: 841           SH:  5    Dex: 13    Spells: 7/7 levels left

rFire   . . .      SeeInvis .   a - +0 trident
rCold   . . .      Faith    .   c - +0 buckler
rNeg    . . .      Spirit   .   b - +0 scale mail
rPois   .          Reflect  .   (helmet restricted)
rElec   .          Harm     .   (no cloak)
rCorr   .          Rampage  .   (no gloves)
Will    .....                   (no boots)
Stlth   ..........              (no amulet)
HPRegen 0.21/turn               (no ring)
MPRegen 0.10/turn               (no ring)

@: lightly drained
A: horns 2, retaliatory headbutt
a: Renounce Religion, Potion Petition, Call Merchant, Bribe Branch


You were on level 6 of the Dungeon.
You worshipped Gozag.
Gozag was pleased with you.
You visited 1 branch of the dungeon, and saw 6 of its levels.
You also visited: Sewer.

You collected 882 gold pieces.
You paid 41 gold pieces to Gozag.

Inventory:

Hand Weapons
 a - a +0 trident (weapon)
 j - a +2 short sword of draining
 o - a +0 morningstar
 x - a +0 scimitar
 M - a +0 spectral quarterstaff
Missiles
 h - 5 javelins (quivered)
 n - 3 poisoned darts
 u - 6 datura-tipped darts
Armour
 b - a +0 scale mail (worn)
 c - a +0 buckler (worn)
 e - a +0 leather armour
 k - a +0 ring mail
 p - a +0 chain mail
 D - a +0 pair of boots
 E - a +0 helmet
Magical Staves
 N - a staff of earth
Jewellery
 q - a ring of positive energy
 K - a ring of fire
Scrolls
 f - a scroll of brand weapon {unknown}
 g - 5 scrolls of teleportation {unknown}
 i - 9 scrolls of identify {unknown}
 l - 2 scrolls of fear {unknown}
 w - 2 scrolls of vulnerability {unknown}
 y - a scroll of immolation {unknown}
 B - a scroll of enchant armour {unknown}
 F - a scroll of silence {unknown}
 I - a scroll of amnesia {unknown}
 J - a scroll of noise {unknown}
 O - a scroll of magic mapping {unknown}
 P - a scroll of summoning {unknown}
Potions
 d - a potion of haste {unknown}
 m - a potion of magic {unknown}
 r - 2 potions of curing {unknown}
 s - a potion of lignification {unknown}
 t - 2 potions of cancellation {unknown}
 v - a potion of resistance {unknown}
 z - 3 potions of flight
 A - 2 potions of heal wounds {unknown}
 C - 2 potions of mutation
 G - 2 potions of invisibility {unknown}
 H - 2 potions of degeneration
 L - a potion of brilliance {unknown}


   Skills:
 + Level 5.3 Fighting
 + Level 6.7 Polearms
 + Level 7.0 Armour
 + Level 3.1 Dodging
 + Level 1.1 Stealth
 + Level 5.3 Shields


You had 7 spell levels left.
You didn't know any spells.
Your spell library contained the following spells:

 Spells                   Type           Power      Damage    Failure   Level
 Call Canine Familiar     Summ           0%         N/A       99%         3
 Gell's Gravitas          Tloc           0%         N/A       99%         3
 Lesser Beckoning         Tloc           0%         N/A       99%         3
 Portal Projectile        Hex/Tloc       0%         N/A       99%         3
 Teleport Other           Tloc           0%         N/A       99%         3
 Leda's Liquefaction      Hex/Erth       0%         N/A       100%        4


Dungeon Overview and Level Annotations

Branches:
Dungeon (6/15)             Temple (0/1) D:5           Sewer (visited)

Altars:
Fedhas
Gozag
Nemelex Xobeh
Sif Muna


Innate Abilities, Weirdness & Mutations

You have a pair of horns on your head.
You reflexively headbutt those who attack you in melee.


Message History

You feel sick. The water moccasin bites you.
You are more poisoned.
The water moccasin poisons you! The water moccasin bites you!
You miss the water moccasin. You headbutt the water moccasin!
The water moccasin is heavily wounded.
You feel very sick. You block the water moccasin's attack.
You barely miss the water moccasin. You headbutt the water moccasin.
The water moccasin is severely wounded.
You feel very sick. The water moccasin misses you.
The water moccasin barely misses you.
You feel very sick.
There is an open door here.
You puncture the water moccasin!
You kill the water moccasin!
You feel sick.
Your Armour skill increases to level 7!
You have reached level 8!
You feel agile.
You feel sick.
You now have 829 gold pieces (gained 6).
You feel sick.
You feel sick.
There is an open door here.
You feel sick.
You feel sick.
You feel sick.
You feel sick.
You are no longer poisoned.
Found a stone staircase leading down.
You now have 841 gold pieces (gained 12).
A wight comes into view.
It is wielding a +4 great sword of freezing.
A wight comes into view.
It is wielding a +4 battleaxe of freezing.
The wight hits you with a +4 great sword of freezing!
* * * LOW HITPOINT WARNING * * *
You feel drained.
* * * LOW HITPOINT WARNING * * *
The wight freezes you.
You die...
Your body crumbles into a pile of gold.

#...........### #...........#..
#...........#.. #...........#.>
#...........'.. #...........#..
##########+#######.....).....#'#
........#.........#####.........
........#...#..@..'...#.........
........'...'.z...#...#<........
........#...#.....#...+.........
........#####.....#####.........
######........##### .......####.
#........# #.......# #.
#........# #.......# #.
#.......z######.......# #.
.................###### ...


You could see 2 wights.

Vanquished Creatures
  A water moccasin (D:6)
  Pargi (D:3)
  2 ice beasts
  An ogre (D:4)
  A phantom (D:4)
  2 hounds (D:5)
  A jelly (D:5)
  3 iguanas
  4 gnolls
  3 river rats (Sewer)
  10 adders
  3 ufetubi (D:5)
  A worm (Sewer)
  3 dart slugs
  4 orcs
  8 ball pythons
  13 bats
  10 endoplasms
  9 giant cockroaches
  9 goblins
  11 hobgoblins
  11 jackals
  6 kobolds
  10 quokkas
  5 frilled lizards
  3 rats
135 creatures vanquished.

Vanquished Creatures (others)
  8 plants (D:1)
8 creatures vanquished.

Grand Total: 143 creatures vanquished

Notes
Turn   | Place    | Note
-------+----------+-------------------------------------------
     0 | D:1      | Malstabilo the Minotaur Fighter began the quest for the
                  | Orb.
     0 | D:1      | Reached XP level 1. HP: 19/19 MP: 0/0
    64 | D:1      | Reached XP level 2. HP: 25/27 MP: 1/1
    65 | D:1      | Reached skill level 4 in Armour
   250 | D:1      | Reached XP level 3. HP: 32/32 MP: 2/2
  1811 | D:2      | Found a sparkling altar of Nemelex Xobeh.
  2718 | D:3      | Found a faded altar of an unknown god.
  2801 | D:3      | Reached XP level 4. HP: 36/40 MP: 3/3
  3028 | D:3      | Noticed Pargi
  3037 | D:3      | Killed Pargi
  3038 | D:3      | Reached skill level 5 in Armour
  3038 | D:3      | Reached skill level 1 in Dodging
  3038 | D:3      | Reached XP level 5. HP: 37/47 MP: 4/4
  3051 | D:3      | Found an opulent altar of Gozag.
  3068 | D:3      | Became a worshipper of Gozag Ym Sagoz the Greedy
  3265 | D:3      | HP: 1/47 [iguana (3)]
  3705 | D:3      | Found a blossoming altar of Fedhas.
  3748 | D:3      | Found a shimmering blue altar of Sif Muna.
  3972 | D:4      | Noticed an ogre
  3976 | D:4      | Killed an ogre
  3977 | D:4      | Reached skill level 6 in Armour
  3977 | D:4      | Reached XP level 6. HP: 52/53 MP: 5/5
  3998 | D:4      | Found a glowing drain.
  4092 | Sewer    | Entered a sewer
  4945 | D:4      | Reached skill level 5 in Polearms
  5073 | D:4      | Reached skill level 5 in Shields
  5073 | D:4      | Reached XP level 7. HP: 51/60 MP: 6/6
  5777 | D:5      | Entered Level 5 of the Dungeon
  5873 | D:5      | Reached skill level 1 in Stealth
  5927 | D:5      | Reached skill level 5 in Fighting
  5973 | D:5      | Found a staircase to the Ecumenical Temple.
  6717 | D:6      | Reached skill level 7 in Armour
  6717 | D:6      | Reached XP level 8. HP: 23/68 MP: 7/7
  6754 | D:6      | HP: 3/66 [wight/+4 great sword of freezing (6)]
  6754 | D:6      | Slain by a wight

Illustrated notes

Levels and vault maps discovered:
D:1:      dpeg_arrival_connections, layout_loops_ring, chequers_big_river
D:2:      layout_basic, basic_altar
D:3:      wander_river, layout_basic, grunt_gozag_breadcrumbs,
          mainiacjoe_overflow_two_lobes, ebering_ecumenical_altar_rust,
          minivault_11, st_stairs_10, grunt_decor_junction, uniq_pargi
D:4:      layout_basic, gup_sewer_entry_glass, hangedman_abyss_or_decor_stagger
D:5:      layout_basic, minmay_temple_entry_ruins
D:6:      layout_gridville, amethyst_overflow_temple_binary, uniq_blork_the_orc,
          uniq_edmund, uniq_sigmund

Skill      XL: |  1  2  3  4  5  6  7 |
---------------+----------------------+-----
Armour         | 4 5 6 7 |  7.0
Shields        | 4 5 |  5.3
Fighting       | 4 5 |  5.3
Polearms       | 3 4 5 6 |  6.7
Dodging        | 1 2 3 |  3.1
Stealth        | 1 |  1.1

Action                   |  1- 3 |  4- 6 |  7- 9 || total
-------------------------+-------+-------+-------++-------
Melee: Trident           |    88 |   152 |    82 ||   322
       Headbutt          |    10 |    21 |    19 ||    50
  Use: Potion            |       |     6 |       ||     6
 Stab: Distracted        |       |     3 |       ||     3
Armor: Scale mail        |    59 |   122 |    36 ||   217
Dodge: Dodged            |    50 |   109 |    50 ||   209
Block: Buckler           |    35 |    48 |    22 ||   105
